[Event "ICC tourney 2250 (120 10)"]
[Site "Internet Chess Club"]
[Date "2020.12.26"]
[Round "1"]
[White "MBJPM"]
[Black "mchessmaster"]
[Result "1-0"]
[ICCResult "Black resigns"]
[WhiteElo "2337"]
[BlackElo "1976"]
[Opening "QGA: 3.e4"]
[ECO "D20"]
[NIC "QG.04"]
[Time "12:05:08"]
[PlyCount "79"]
[TimeControl "7200+10"]

1. d4 d5 2. c4 dxc4 3. e4 e5 4. Nf3 Bg4 5. Bxc4 exd4 6. Bxf7+ Kxf7 7. Ne5+
Ke8 8. Qxg4 Nf6 9. Qe6+ Qe7 10. Qc8+ Qd8 11. Qxd8+ Kxd8 12. Nf7+ Ke7 13.
Nxh8 g6 14. Bg5 Ke6 15. Nd2 Bg7 16. Nxg6 hxg6 17. O-O Nc6 18. f4 Rf8 19.
Rac1 Ng4 20. Nc4 d3 21. e5 Rf5 22. h3 Ngxe5 23. Nxe5 Bxe5 24. fxe5 Rxg5 25.
Rc3 Rg3 26. Kf2 Rg5 27. Rxd3 Rf5+ 28. Ke2 Rxf1 29. Kxf1 Nxe5 30. Rc3 Nc6
31. Ke2 Ke5 32. Ke3 Kf5 33. Rc5+ Ke6 34. Kf4 Kd6 35. Rc1 Nb4 36. Rd1+ Ke6
37. Kg5 Nxa2 38. Kxg6 Nb4 39. h4 Nd5 40. Rxd5 { Black resigns } 1-0

[Event "ICC tourney 2250 (120 10)"]
[Site "Internet Chess Club"]
[Date "2020.12.26"]
[Round "1"]
[White "gmRohde"]
[Black "Drachekokosnuss"]
[Result "1-0"]
[ICCResult "Black resigns"]
[WhiteElo "2440"]
[BlackElo "2100"]
[Opening "King's Indian: Kazakh variation"]
[ECO "E91"]
[NIC "KI.19"]
[Time "12:04:39"]
[PlyCount "55"]
[TimeControl "7200+10"]

1. Nf3 Nf6 2. c4 g6 3. Nc3 Bg7 4. e4 d6 5. d4 O-O 6. Be2 Na6 7. O-O e5 8.
Re1 c6 9. Rb1 Qe7 10. Bg5 h6 11. Bh4 g5 12. Bg3 Nh5 13. d5 c5 14. Nd2 Nxg3
15. hxg3 b6 16. Nf1 Bd7 17. Ne3 Nc7 18. Bg4 Ne8 19. Bxd7 Qxd7 20. Nf5 a6
21. b4 Nf6 22. bxc5 bxc5 23. Rb6 Ne8 24. Qa4 Qxa4 25. Nxa4 Rd8 26. Reb1 Kh7
27. Rxa6 Bf6 28. Rbb6 { Black resigns } 1-0

[Event "ICC tourney 2250 (120 10)"]
[Site "Internet Chess Club"]
[Date "2020.12.26"]
[Round "1"]
[White "sathviks"]
[Black "Wushukyle"]
[Result "1-0"]
[ICCResult "Black resigns"]
[WhiteElo "2237"]
[BlackElo "1611"]
[Opening "Petrov's defense"]
[ECO "C42"]
[NIC "RG.03"]
[Time "12:05:29"]
[PlyCount "33"]
[TimeControl "7200+10"]

1. e4 e5 2. Nf3 Nf6 3. Nxe5 Nc6 4. Nxc6 dxc6 5. Nc3 Bc5 6. h3 h5 7. d3 Qd6
8. Qe2 Bg4 9. hxg4 Nxg4 10. Qxg4 hxg4 11. Rxh8+ Kd7 12. Rxa8 Qf6 13. Be3
Bb4 14. Kd2 Qe5 15. Be2 g3 16. f4 Qf6 17. Rh1 { Black resigns } 1-0

[Event "ICC tourney 2250 (120 10)"]
[Site "Internet Chess Club"]
[Date "2020.12.26"]
[Round "1"]
[White "sriramk"]
[Black "Gukesh"]
[Result "0-1"]
[ICCResult "White resigns"]
[WhiteElo "2168"]
[BlackElo "2642"]
[Opening "Caro-Kann: Panov-Botvinnik attack, 5...g6"]
[ECO "B14"]
[NIC "CK.03"]
[Time "12:04:43"]
[PlyCount "50"]
[TimeControl "7200+10"]

1. e4 c6 2. d4 d5 3. exd5 cxd5 4. c4 Nf6 5. Nc3 g6 6. Nf3 Bg7 7. c5 O-O 8.
Be2 Nc6 9. Be3 Bg4 10. h3 Bxf3 11. Bxf3 b6 12. Qa4 Rc8 13. b4 e5 14. Ne2
exd4 15. Nxd4 Nxb4 16. Qxb4 bxc5 17. Qd2 cxd4 18. Bxd4 Re8+ 19. Kf1 Ne4 20.
Qb2 Rb8 21. Bxg7 Rxb2 22. Bxb2 Qb6 23. Bxe4 Qxb2 24. Rb1 Qd2 25. Bf3 Qd3+ {
White resigns } 0-1

[Event "ICC tourney 2250 (120 10)"]
[Site "Internet Chess Club"]
[Date "2020.12.26"]
[Round "1"]
[White "RagingKnightNC"]
[Black "chiringuito"]
[Result "0-1"]
[ICCResult "White resigns"]
[WhiteElo "2112"]
[BlackElo "2485"]
[Opening "Caro-Kann: Panov-Botvinnik attack, 5...g6"]
[ECO "B14"]
[NIC "CK.03"]
[Time "12:04:33"]
[PlyCount "56"]
[TimeControl "7200+10"]

1. e4 c6 2. d4 d5 3. exd5 cxd5 4. c4 Nf6 5. Nc3 g6 6. c5 Bg7 7. Nf3 O-O 8.
Bf4 Nc6 9. Bb5 Bg4 10. Bxc6 bxc6 11. Be5 Nd7 12. Bxg7 Kxg7 13. h3 Bxf3 14.
Qxf3 e5 15. dxe5 Nxe5 16. Qe3 Re8 17. O-O Rb8 18. Qd4 Qf6 19. Kh1 Nd7 20.
Qxf6+ Kxf6 21. Na4 Rb4 22. b3 Rbe4 23. f3 Re2 24. Nc3 Rd2 25. Rac1 a5 26.
Kh2 Re3 27. Kg3 Ne5 28. Rfd1 Rxc3 { White resigns } 0-1

[Event "ICC tourney 2250 (120 10)"]
[Site "Internet Chess Club"]
[Date "2020.12.26"]
[Round "1"]
[White "sahilmd"]
[Black "lmperatorX"]
[Result "1-0"]
[ICCResult "Black resigns"]
[WhiteElo "2536"]
[BlackElo "2118"]
[Opening "QGD: classical variation (5.Bf4)"]
[ECO "D37"]
[NIC "QO.04"]
[Time "12:04:53"]
[PlyCount "45"]
[TimeControl "7200+10"]

1. d4 d5 2. c4 e6 3. Nc3 Nf6 4. Nf3 Be7 5. Bf4 O-O 6. e3 b6 7. cxd5 Nxd5 8.
Nxd5 Qxd5 9. a3 c5 10. Be2 Bb7 11. O-O cxd4 12. Qxd4 Bf6 13. Be5 Nd7 14.
Bxf6 Nxf6 15. Qa4 Qe4 16. Qxe4 Nxe4 17. Rac1 Rac8 18. Nd4 Nd6 19. f3 g6 20.
Kf2 Kg7 21. Rfd1 Rfd8 22. Rxc8 Nxc8 23. Nxe6+ { Black resigns } 1-0

[Event "ICC tourney 2250 (120 10)"]
[Site "Internet Chess Club"]
[Date "2020.12.26"]
[Round "1"]
[White "mentalgiant"]
[Black "nithin"]
[Result "0-1"]
[ICCResult "White resigns"]
[WhiteElo "1632"]
[BlackElo "2250"]
[Opening "King's Indian: Torre attack"]
[ECO "A48"]
[NIC "QP.01"]
[Time "12:04:50"]
[PlyCount "60"]
[TimeControl "7200+10"]

1. d4 Nf6 2. Nf3 g6 3. Bg5 Bg7 4. Nbd2 O-O 5. e4 d5 6. e5 Ne4 7. Bf4 c5 8.
c3 Nc6 9. Bd3 Nxd2 10. Qxd2 Bg4 11. Bc2 Rc8 12. Nh4 cxd4 13. cxd4 Nxd4 14.
Bxg6 fxg6 15. Qxd4 Rc4 16. Be3 Rxd4 17. Bxd4 g5 18. f3 Be6 19. O-O gxh4 20.
h3 Kh8 21. f4 Bh6 22. Be3 Rg8 23. Kh2 Qe8 24. Rf3 Qg6 25. Rg1 Qe4 26. Bd2
Qe2 27. f5 Bxd2 28. fxe6 Rxg2+ 29. Rxg2 Qxf3 30. Rxd2 Qf4+ { White resigns
} 0-1

[Event "ICC tourney 2250 (120 10)"]
[Site "Internet Chess Club"]
[Date "2020.12.26"]
[Round "1"]
[White "ShadowApt"]
[Black "KRASAVCHIK"]
[Result "0-1"]
[ICCResult "White resigns"]
[WhiteElo "2105"]
[BlackElo "2458"]
[Opening "Ruy Lopez: modern Steinitz defense, 5.O-O"]
[ECO "C72"]
[NIC "RL.10"]
[Time "12:05:29"]
[PlyCount "30"]
[TimeControl "7200+10"]

1. e4 e5 2. Nf3 Nc6 3. Bb5 a6 4. Ba4 d6 5. O-O Bd7 6. c3 g6 7. d4 Bg7 8.
Bg5 f6 9. Bh4 h5 10. Bb3 g5 11. Bxg8 Rxg8 12. Nxg5 fxg5 13. Qxh5+ Kf8 14.
f4 exf4 15. Bxg5 Qxg5 { White resigns } 0-1

[Event "ICC tourney 2250 (120 10)"]
[Site "Internet Chess Club"]
[Date "2020.12.26"]
[Round "1"]
[White "giorgibagaturov"]
[Black "investigator"]
[Result "1-0"]
[ICCResult "Black resigns"]
[WhiteElo "2481"]
[BlackElo "2106"]
[Opening "King's Indian, 3.Nf3"]
[ECO "E60"]
[NIC "KI.79"]
[Time "12:04:49"]
[PlyCount "43"]
[TimeControl "7200+10"]

1. d4 Nf6 2. Nf3 g6 3. c4 Bg7 4. g3 O-O 5. Bg2 d6 6. O-O Nc6 7. d5 Na5 8.
Nfd2 Rb8 9. Nc3 c5 10. Qc2 e6 11. b3 exd5 12. cxd5 b5 13. Bb2 b4 14. Nd1
Ba6 15. Re1 Re8 16. Ne3 Nd7 17. Bxg7 Kxg7 18. Ne4 Qe7 19. a3 Rb5 20. axb4
cxb4 21. Qc7 Nb8 22. Nxd6 { Black resigns } 1-0

[Event "ICC tourney 2250 (120 10)"]
[Site "Internet Chess Club"]
[Date "2020.12.26"]
[Round "1"]
[White "Buffalo09"]
[Black "pangpangba"]
[Result "1-0"]
[ICCResult "Black resigns"]
[WhiteElo "2256"]
[BlackElo "1656"]
[Opening "Sicilian: Richter-Rauzer, Rauzer attack, 7...a6 defense, 8...Bd7"]
[ECO "B67"]
[NIC "SI.30"]
[Time "12:04:36"]
[PlyCount "105"]
[TimeControl "7200+10"]

1. e4 c5 2. Nf3 d6 3. d4 cxd4 4. Nxd4 Nf6 5. Nc3 Nc6 6. Bg5 e6 7. Qd2 a6 8.
O-O-O Bd7 9. f4 Rc8 10. Kb1 h6 11. Bxf6 Qxf6 12. Nf3 Qd8 13. e5 dxe5 14.
fxe5 Bb4 15. Qe3 Bxc3 16. Qxc3 Qc7 17. Qc5 Ne7 18. Qxc7 Rxc7 19. Bd3 O-O
20. Be4 Bc6 21. Rhe1 Rfc8 22. Bxc6 Nxc6 23. c3 Kf8 24. Nd2 b5 25. Nb3 Ne7
26. Rd6 Rc6 27. Red1 Nd5 28. Rd7 Ke8 29. Ra7 R8c7 30. Ra8+ Ke7 31. Nd4 Rxc3
32. Rxa6 R3c4 33. Nxb5 Rb7 34. Nd6 Nc3+ 35. Ka1 Nxd1 36. Nxc4 Rc7 37. b3 g6
38. Rd6 Nf2 39. Rd2 Ne4 40. Rd4 Nc5 41. Kb2 f6 42. b4 Rb7 43. a3 Na4+ 44.
Kb3 Nc5+ 45. Kc2 Nd7 46. exf6+ Nxf6 47. Ne5 g5 48. a4 Nd5 49. Kb3 Ne3 50.
a5 Nxg2 51. a6 Rb6 52. a7 Ra6 53. b5 { Black resigns } 1-0

[Event "ICC tourney 2250 (120 10)"]
[Site "Internet Chess Club"]
[Date "2020.12.26"]
[Round "1"]
[White "ChessKidA8"]
[Black "mikolka1985"]
[Result "1-0"]
[ICCResult "Black resigns"]
[WhiteElo "2123"]
[BlackElo "2545"]
[Opening "Ruy Lopez: Anderssen variation"]
[ECO "C77"]
[NIC "RL.12"]
[Time "12:04:36"]
[PlyCount "85"]
[TimeControl "7200+10"]

1. e4 e5 2. Nf3 Nc6 3. Bb5 a6 4. Ba4 Nf6 5. d3 b5 6. Bb3 Be7 7. O-O O-O 8.
Nc3 d6 9. a4 b4 10. Nd5 Rb8 11. c3 bxc3 12. bxc3 Na5 13. Nxe7+ Qxe7 14. Bc2
c5 15. h3 Be6 16. Bg5 h6 17. Bh4 Kh8 18. Qd2 Rg8 19. Rab1 Rxb1 20. Rxb1 g5
21. Bg3 Nh5 22. d4 Nxg3 23. fxg3 Nc4 24. Qf2 Na3 25. Rd1 g4 26. hxg4 Bxg4
27. Bd3 c4 28. Bf1 Bxf3 29. gxf3 Qg5 30. Bg2 Qxg3 31. Qxg3 Rxg3 32. Kf2 Rg8
33. dxe5 dxe5 34. Ra1 Nc2 35. Ra2 Rxg2+ 36. Kxg2 Ne1+ 37. Kg3 Nd3 38. Kg4
Kg7 39. Kf5 h5 40. Rg2+ Kf8 41. Rh2 Ke7 42. Rxh5 a5 43. Rh6 { Black resigns
} 1-0

[Event "ICC tourney 2250 (120 10)"]
[Site "Internet Chess Club"]
[Date "2020.12.26"]
[Round "1"]
[White "jsl1996"]
[Black "shianen"]
[Result "1-0"]
[ICCResult "Black resigns"]
[WhiteElo "2643"]
[BlackElo "2195"]
[Opening "English opening"]
[ECO "A05"]
[NIC "QP.11"]
[Time "12:04:33"]
[PlyCount "103"]
[TimeControl "7200+10"]

1. Nf3 Nf6 2. c4 c6 3. Nc3 d5 4. e3 e6 5. b3 Nbd7 6. Qc2 Bd6 7. Bb2 Qe7 8.
Be2 O-O 9. Rg1 e5 10. g4 Nb6 11. g5 Ne8 12. cxd5 Nxd5 13. Ne4 Bf5 14. Nh4
Bg6 15. Nxg6 hxg6 16. a3 Nec7 17. h4 Rad8 18. h5 gxh5 19. Bxh5 f5 20. gxf6
Nxf6 21. Bg6 Ne6 22. Ng3 Bc7 23. Qc4 Nd5 24. Qg4 Rf6 25. Nf5 Rxg6 26. Qxg6
Qf6 27. Nh6+ Kf8 28. Qxf6+ Nxf6 29. Ng4 Ne4 30. Bxe5 Nxd2 31. O-O-O Nxb3+
32. Kc2 Rxd1 33. Rxd1 Bxe5 34. Nxe5 Nbc5 35. Nd7+ Ke7 36. Nxc5 Nxc5 37. Rd4
Ne6 38. Rg4 Kf6 39. Kc3 a5 40. Ra4 b6 41. Rc4 Nd8 42. Rd4 Nf7 43. Rd7 b5
44. Rc7 Ne5 45. f4 Nc4 46. Rxc6+ Ke7 47. Rxc4 bxc4 48. Kxc4 Kf6 49. e4 g5
50. fxg5+ Kxg5 51. Kd5 Kf6 52. Kd6 { Black resigns } 1-0

[Event "ICC tourney 2250 (120 10)"]
[Site "Internet Chess Club"]
[Date "2020.12.26"]
[Round "1"]
[White "Chessking2008"]
[Black "Sergeiaza"]
[Result "0-1"]
[ICCResult "White resigns"]
[WhiteElo "2197"]
[BlackElo "2674"]
[Opening "Dutch with c4 & Nc3"]
[ECO "A85"]
[NIC "HD.05"]
[Time "12:04:38"]
[PlyCount "120"]
[TimeControl "7200+10"]

1. d4 f5 2. c4 Nf6 3. Nc3 e6 4. g3 Bb4 5. Qc2 c5 6. a3 Bxc3+ 7. bxc3 Nc6 8.
Nf3 b6 9. Bg2 Bb7 10. O-O O-O 11. Bf4 Na5 12. dxc5 Rc8 13. Bd6 Re8 14. cxb6
axb6 15. c5 Ne4 16. Ne5 Nxc5 17. Rfd1 Bxg2 18. Kxg2 Nab7 19. c4 Nxd6 20.
Rxd6 Qc7 21. Rad1 Ne4 22. Qd3 Nxd6 23. Qxd6 Red8 24. f4 Qxd6 25. Rxd6 Rc7
26. Rxb6 Kf8 27. Ra6 Ke7 28. a4 Rdc8 29. a5 d6 30. Nd3 Rxc4 31. Rb6 Rc2 32.
Kf3 R8c3 33. Rb7+ Kf6 34. Rd7 d5 35. h3 Ra2 36. Ra7 Rca3 37. g4 fxg4+ 38.
hxg4 h6 39. Rd7 Rxa5 40. Ne5 Ra7 41. Rd8 g5 42. Rf8+ Kg7 43. Re8 R2a3+ 44.
Nd3 Kf7 45. Rh8 R7a4 46. f5 exf5 47. gxf5 Kg7 48. Rd8 Rf4+ 49. Kg3 Rxf5 50.
Kg4 Rf7 51. Rxd5 Ra4+ 52. Kg3 Re4 53. Ne5 Re3+ 54. Kg2 Rxe2+ 55. Kg3 Re3+
56. Kg2 Ra7 57. Ng4 Ra2+ 58. Kf1 Rf3+ 59. Ke1 Rg3 60. Rd7+ Kf8 { White
resigns } 0-1

[Event "ICC tourney 2250 (120 10)"]
[Site "Internet Chess Club"]
[Date "2020.12.26"]
[Round "1"]
[White "superind"]
[Black "jy2020"]
[Result "1-0"]
[ICCResult "Black resigns"]
[WhiteElo "2710"]
[BlackElo "2227"]
[Opening "Sicilian: Najdorf, Byrne (English) attack"]
[ECO "B90"]
[NIC "SI.14"]
[Time "12:04:56"]
[PlyCount "117"]
[TimeControl "7200+10"]

1. e4 c5 2. Nf3 d6 3. d4 cxd4 4. Nxd4 Nf6 5. Nc3 a6 6. Be3 e5 7. Nb3 Be6 8.
f3 h5 9. Qd2 Nbd7 10. O-O-O Rc8 11. Kb1 Be7 12. g3 b5 13. Nd5 Nxd5 14. exd5
Bf5 15. Bd3 Bxd3 16. Qxd3 Bg5 17. f4 Bf6 18. h3 O-O 19. g4 exf4 20. Bxf4
Ne5 21. Bxe5 Bxe5 22. gxh5 Qg5 23. Qf3 Rc4 24. Rhg1 Qh6 25. Rg4 Rfc8 26. c3
Qh7+ 27. Qd3 Qxh5 28. Rdg1 Qh7 29. Qxh7+ Kxh7 30. Na5 Rxg4 31. hxg4 Rc5 32.
Nc6 Kg6 33. Nxe5+ dxe5 34. Rd1 Rc8 35. d6 Kf6 36. d7 Rd8 37. Rd6+ Ke7 38.
Rxa6 Rxd7 39. Ra5 Rb7 40. a4 bxa4 41. Rxe5+ Kf6 42. Ra5 a3 43. b4 Rc7 44.
Kc2 a2 45. Kb3 a1=Q 46. Rxa1 Kg5 47. Rg1 f5 48. gxf5+ Kxf5 49. b5 g5 50.
Kb4 g4 51. c4 Rg7 52. c5 Ke5 53. Re1+ Kd5 54. Rd1+ Ke6 55. c6 g3 56. b6 g2
57. c7 Rg4+ 58. Kb5 Rg5+ 59. Kc6 { Black resigns } 1-0

[Event "ICC tourney 2250 (120 10)"]
[Site "Internet Chess Club"]
[Date "2020.12.26"]
[Round "1"]
[White "TjkTiger"]
[Black "Chesslegend21"]
[Result "1-0"]
[ICCResult "Black resigns"]
[WhiteElo "2602"]
[BlackElo "2132"]
[Opening "English: Mikenas-Carls variation"]
[ECO "A18"]
[NIC "EO.57"]
[Time "12:05:29"]
[PlyCount "75"]
[TimeControl "7200+10"]

1. c4 Nf6 2. Nc3 e6 3. e4 d5 4. cxd5 exd5 5. e5 d4 6. exf6 dxc3 7. Bb5+ c6
8. Qe2+ Be6 9. Bc4 Qxf6 10. dxc3 Be7 11. Bxe6 Qxe6 12. Qxe6 fxe6 13. Nf3
Nd7 14. O-O Kf7 15. Re1 Bf6 16. Bf4 Rhe8 17. Rad1 Nf8 18. g4 Ng6 19. Be3
Red8 20. g5 Ne5 21. Kg2 Nxf3 22. Kxf3 Be7 23. Ke4 Rxd1 24. Rxd1 Rd8 25.
Rxd8 Bxd8 26. Bxa7 Bxg5 27. a4 Bf6 28. Bd4 Ke7 29. b4 Kd6 30. a5 Bh4 31. c4
g6 32. h3 Bd8 33. Bc5+ Kd7 34. Ke5 g5 35. Bd6 h5 36. f3 c5 37. Bxc5 Bc7+
38. Kf6 { Black resigns } 1-0

[Event "ICC tourney 2250 (120 10)"]
[Site "Internet Chess Club"]
[Date "2020.12.26"]
[Round "1"]
[White "Bearbarion"]
[Black "RajeshCS"]
[Result "0-1"]
[ICCResult "White resigns"]
[WhiteElo "1921"]
[BlackElo "2310"]
[Opening "Nimzo-Indian: classical variation"]
[ECO "E32"]
[NIC "NI.20"]
[Time "12:04:38"]
[PlyCount "92"]
[TimeControl "7200+10"]

1. d4 Nf6 2. c4 e6 3. Nc3 Bb4 4. Qc2 O-O 5. a3 Bxc3+ 6. Qxc3 d5 7. Bg5 Nbd7
8. cxd5 exd5 9. Nf3 c6 10. Qc2 Re8 11. e3 Qb6 12. Bd3 Ne4 13. O-O Nf8 14.
Bf4 Ng6 15. Bg3 Bf5 16. b4 a5 17. Bxe4 Bxe4 18. Qc3 Bxf3 19. gxf3 Qd8 20.
Qd3 h5 21. Qf5 h4 22. Be5 Nxe5 23. dxe5 Qe7 24. f4 axb4 25. axb4 Rxa1 26.
Rxa1 Qxb4 27. Kg2 g6 28. Qf6 Qe4+ 29. Kh3 Qf3+ 30. Kxh4 Qxf2+ 31. Kh3 Qxe3+
32. Kh4 Qf2+ 33. Kh3 Qf3+ 34. Kh4 b5 35. Rg1 Qh5+ 36. Kg3 Re6 37. Qd8+ Kg7
38. Ra1 Qh8 39. Qxh8+ Kxh8 40. Ra7 Kg7 41. Kg4 c5 42. Rc7 c4 43. Rc5 Rb6
44. Rxd5 b4 45. Rd6 Rxd6 46. exd6 Kf6 { White resigns } 0-1

[Event "ICC tourney 2250 (120 10)"]
[Site "Internet Chess Club"]
[Date "2020.12.26"]
[Round "1"]
[White "Plato"]
[Black "espark"]
[Result "0-1"]
[ICCResult "White checkmated"]
[WhiteElo "2033"]
[BlackElo "2338"]
[Opening "Robatsch (modern) defense"]
[ECO "B06"]
[NIC "KF.05"]
[Time "12:05:29"]
[PlyCount "136"]
[TimeControl "7200+10"]

1. e4 g6 2. d4 Bg7 3. Nc3 d6 4. Bc4 Nf6 5. Qe2 c6 6. e5 dxe5 7. dxe5 Nd5 8.
Nf3 O-O 9. Bd2 Bg4 10. O-O-O e6 11. Qe4 Bxf3 12. gxf3 Nd7 13. h4 Nxe5 14.
h5 Nxc4 15. Qxc4 Nxc3 16. Bxc3 Qg5+ 17. Kb1 Qb5 18. Qxb5 cxb5 19. Bxg7 Kxg7
20. hxg6 hxg6 21. Rd7 Rh8 22. Re1 Rh2 23. a3 Rxf2 24. Rxe6 Rxf3 25. Rxb7 a6
26. Rd6 Rf5 27. b3 Rc8 28. Rxa6 Rf1+ 29. Kb2 Rf2 30. b4 Rcxc2+ 31. Kb3 Rce2
32. Rxb5 Re3+ 33. Kc4 Rf4+ 34. Kd5 g5 35. Rc5 g4 36. Rc1 g3 37. Rg1 Rff3
38. b5 Rb3 39. b6 f5 40. a4 Rf2 41. Kc4 Rfb2 42. Ra5 f4 43. Rb5 Rxb5 44.
axb5 Re2 45. b7 Re8 46. Kd5 Kg6 47. Kc6 Kg5 48. Kc7 Kg4 49. b8=Q Rxb8 50.
Kxb8 f3 51. b6 f2 52. Ra1 g2 53. b7 f1=Q 54. Rxf1 gxf1=Q 55. Kc7 Qc4+ 56.
Kd8 Qd5+ 57. Kc7 Qc5+ 58. Kd8 Qb6+ 59. Kc8 Qc6+ 60. Kb8 Kf5 61. Ka7 Qc7 62.
Ka8 Qa5+ 63. Kb8 Ke6 64. Kc8 Qc5+ 65. Kb8 Kd7 66. Ka8 Qa5+ 67. Kb8 Kc6 68.
Kc8 Qc7# { White checkmated } 0-1

[Event "ICC tourney 2250 (120 10)"]
[Site "Internet Chess Club"]
[Date "2020.12.26"]
[Round "1"]
[White "Aleksandrov73"]
[Black "schubakov"]
[Result "1-0"]
[ICCResult "Black resigns"]
[WhiteElo "2629"]
[BlackElo "2161"]
[Opening "QGD semi-Slav: 5.e3"]
[ECO "D45"]
[NIC "SL.08"]
[Time "12:05:29"]
[PlyCount "89"]
[TimeControl "7200+10"]

1. d4 d5 2. c4 c6 3. Nc3 Nf6 4. e3 e6 5. Nf3 Be7 6. Bd3 O-O 7. e4 dxe4 8.
Nxe4 Nxe4 9. Bxe4 Nd7 10. Bc2 Nf6 11. Qd3 h6 12. g4 Bb4+ 13. Kf1 Re8 14. g5
hxg5 15. Bxg5 Be7 16. Re1 Kf8 17. h4 Ng8 18. Qh7 Bf6 19. Rg1 e5 20. Rxe5
Bh3+ 21. Ke2 c5 22. Rxe8+ Qxe8+ 23. Kd1 Qd8 24. Qh8 g6 25. Bxf6 Qxf6 26.
Qxf6 Nxf6 27. Ng5 Bd7 28. dxc5 a5 29. Ne4 Nxe4 30. Bxe4 Bc6 31. Bxc6 bxc6
32. Kc2 Re8 33. Kd3 Re5 34. Rg5 Re1 35. h5 Kg7 36. hxg6 fxg6 37. a3 Kf6 38.
Rg3 a4 39. Rf3+ Kg5 40. Rf8 Rd1+ 41. Kc2 Rd4 42. Kc3 Rf4 43. Rxf4 Kxf4 44.
b4 axb3 45. a4 { Black resigns } 1-0

[Event "ICC tourney 2250 (120 10)"]
[Site "Internet Chess Club"]
[Date "2020.12.26"]
[Round "1"]
[White "JKogen"]
[Black "Adhvaith0406"]
[Result "1-0"]
[ICCResult "Black resigns"]
[WhiteElo "2354"]
[BlackElo "2033"]
[Opening "Nimzo-Indian: classical, Pirc variation"]
[ECO "E39"]
[NIC "NI.21"]
[Time "12:05:05"]
[PlyCount "57"]
[TimeControl "7200+10"]

1. d4 Nf6 2. c4 e6 3. Nc3 Bb4 4. Qc2 c5 5. dxc5 O-O 6. Nf3 Na6 7. a3 Bxc5
8. b4 Be7 9. Bb2 d5 10. e4 dxe4 11. Rd1 Qc7 12. Nxe4 Qf4 13. Neg5 Nxb4 14.
axb4 Bxb4+ 15. Bc3 Bxc3+ 16. Qxc3 h6 17. Rd4 Qc7 18. Ne4 Nxe4 19. Rxe4 Bd7
20. Bd3 Bc6 21. Re3 Rfc8 22. O-O Bd5 23. Nd4 a6 24. Rg3 f6 25. Nxe6 Bxe6
26. Qxf6 Qf7 27. Qxh6 Rc6 28. Qh7+ Kf8 29. Rf3 { Black resigns } 1-0

[Event "ICC tourney 2250 (120 10)"]
[Site "Internet Chess Club"]
[Date "2020.12.26"]
[Round "1"]
[White "BlueJay01"]
[Black "NightMovesTN"]
[Result "0-1"]
[ICCResult "White resigns"]
[WhiteElo "2094"]
[BlackElo "2398"]
[Opening "English opening"]
[ECO "A10"]
[NIC "EO.64"]
[Time "12:04:52"]
[PlyCount "78"]
[TimeControl "7200+10"]

1. c4 g6 2. g3 Bg7 3. Bg2 c5 4. Nf3 Nc6 5. O-O e5 6. Nc3 Nge7 7. d3 O-O 8.
Rb1 d6 9. a3 a5 10. Bd2 Rb8 11. Ne1 Be6 12. Nc2 d5 13. cxd5 Nxd5 14. Ne4 b6
15. Ng5 Bc8 16. Ne3 Nxe3 17. Bxe3 Bb7 18. f4 Nd4 19. Bxb7 Rxb7 20. Nf3 exf4
21. gxf4 Nf5 22. Bf2 Rd7 23. Qc2 Re8 24. b4 cxb4 25. axb4 a4 26. Qxa4 Rxe2
27. Rbe1 Rde7 28. Qd1 Rxe1 29. Rxe1 Rxe1+ 30. Qxe1 Bf8 31. Ne5 f6 32. Ng4
Qd6 33. b5 h5 34. Ne3 Nd4 35. Qd1 Qxf4 36. Nd5 Qg5+ 37. Kf1 Qxd5 38. Bxd4
Qxd4 39. Qb3+ Kg7 { White resigns } 0-1

[Event "ICC tourney 2250 (120 10)"]
[Site "Internet Chess Club"]
[Date "2020.12.26"]
[Round "1"]
[White "wolfchess1"]
[Black "Mookmookarmy"]
[Result "0-1"]
[ICCResult "White resigns"]
[WhiteElo "2077"]
[BlackElo "2360"]
[Opening "French: Chigorin variation"]
[ECO "C00"]
[NIC "FR.01"]
[Time "12:04:35"]
[PlyCount "78"]
[TimeControl "7200+10"]

1. e4 e6 2. Qe2 Ne7 3. g3 d5 4. d3 c5 5. Bg2 Nbc6 6. Nf3 b6 7. O-O Bb7 8.
c3 Qd7 9. Nbd2 h6 10. Rd1 g5 11. h3 Bg7 12. Nf1 O-O-O 13. Bd2 f5 14. a4 a5
15. Rab1 Ba6 16. exf5 exf5 17. b4 axb4 18. cxb4 g4 19. hxg4 fxg4 20. N3h2
Nd4 21. Qxg4 Qxg4 22. Nxg4 Bxd3 23. bxc5 Bxb1 24. Rxb1 bxc5 25. a5 h5 26.
Nge3 h4 27. Bh3+ Kc7 28. Kg2 Ndc6 29. Ng4 Ng6 30. Nfe3 hxg3 31. fxg3 Nce7
32. a6 Rb8 33. Ba5+ Kc6 34. Re1 Rb2+ 35. Nf2 Rxh3 36. Kxh3 Rxf2 37. a7 Kb7
38. Bb6 Bd4 39. Rb1 Ka8 { White resigns } 0-1

[Event "ICC tourney 2250 (120 10)"]
[Site "Internet Chess Club"]
[Date "2020.12.26"]
[Round "1"]
[White "tigeriz"]
[Black "savchess06"]
[Result "1-0"]
[ICCResult "Black checkmated"]
[WhiteElo "2393"]
[BlackElo "2085"]
[Opening "French: Tarrasch, open variation"]
[ECO "C07"]
[NIC "FR.18"]
[Time "12:04:45"]
[PlyCount "91"]
[TimeControl "7200+10"]

1. e4 e6 2. d4 d5 3. Nd2 c5 4. Ngf3 cxd4 5. Nxd4 Nc6 6. Bb5 Bd7 7. Nxc6
bxc6 8. Bd3 Bd6 9. Qe2 Qb8 10. Nf3 Ne7 11. e5 Bc7 12. O-O Ng6 13. Re1 O-O
14. c3 a5 15. h4 h6 16. h5 Ne7 17. Bf4 c5 18. Qe3 d4 19. Qe4 Nf5 20. g4
Qxb2 21. cxd4 Qa3 22. gxf5 exf5 23. Qe2 cxd4 24. Nxd4 Qb4 25. Rac1 Qxd4 26.
Rxc7 Be6 27. Qe3 Rfd8 28. Bb1 Qa4 29. Rec1 Rab8 30. Qf3 Bd5 31. Qe3 Be6 32.
Kh2 Rb4 33. Bc2 Qxa2 34. Rg1 Rdd4 35. Qg3 g6 36. hxg6 f6 37. exf6 Rxf4 38.
f7+ Kg7 39. Qc3+ Rbd4 40. f8=Q+ Kxf8 41. g7+ Ke8 42. g8=Q+ Bxg8 43. Qc6+
Kd8 44. Rc8+ Ke7 45. Re8+ Kf7 46. Qg6# { Black checkmated } 1-0

[Event "ICC tourney 2250 (120 10)"]
[Site "Internet Chess Club"]
[Date "2020.12.26"]
[Round "1"]
[White "Venom2020"]
[Black "helavir"]
[Result "0-1"]
[ICCResult "White resigns"]
[WhiteElo "2155"]
[BlackElo "2626"]
[Opening "Caro-Kann: exchange, Rubinstein variation"]
[ECO "B13"]
[NIC "CK.02"]
[Time "12:04:51"]
[PlyCount "96"]
[TimeControl "7200+10"]

1. e4 c6 2. d4 d5 3. exd5 cxd5 4. Bd3 Nf6 5. c3 Nc6 6. Bf4 Bg4 7. Qb3 Qc8
8. Nd2 e6 9. Ngf3 Be7 10. O-O Bh5 11. Ne5 Nxe5 12. Bxe5 O-O 13. Rfe1 Bg6
14. Bxg6 hxg6 15. Bxf6 gxf6 16. Rac1 Qd7 17. Re3 Kg7 18. Rh3 b5 19. a3 a5
20. Rd3 Rfc8 21. Qd1 Qc6 22. Qe2 Rc7 23. h3 Rac8 24. Re3 b4 25. axb4 axb4
26. c4 dxc4 27. Rxc4 Qd5 28. Rxc7 Rxc7 29. Nf3 Rc1+ 30. Kh2 Qf5 31. Rd3 Qb5
32. Rd2 Qxe2 33. Rxe2 b3 34. Ne1 Rc4 35. Re3 Bb4 36. Nf3 Bd6+ 37. Kh1 Rc1+
38. Ng1 Rc2 39. Rxb3 Rxf2 40. Rb6 Bf4 41. Rb3 Bc1 42. Rd3 Rxb2 43. Rd1 Bf4
44. Nf3 e5 45. dxe5 fxe5 46. Re1 Bg3 47. Rd1 e4 48. Ne1 Re2 { White resigns
} 0-1